 Dungeon Crawl Stone Soup version 0.31-a0-1008-g5b978dac0e (webtiles) character file.

Game seed: 9833693790454119506

3873 Dirtsage the Mimic (level 10, -3/102 HPs)
             Began as an Octopode Shapeshifter on Nov 12, 2023.
             Was an Initiate of Gozag.
             Slain by a centaur warrior (9 damage)
             ... on level 9 of the Dungeon.
             The game lasted 00:16:55 (7842 turns).

Dirtsage the Mimic (Octopode Shapeshifter)          Turns: 7842, Time: 00:16:55

Health: -3/102     AC: 25    Str: 13    XL:     10   Next: 19%
Magic:  10/10      EV:  2    Int: 14    God:    Gozag
Gold:   700        SH:  0    Dex: 15    Spells: 3/9 levels left

rFire   . .          .
                       - Unarmed
rCold   . . .        (no shield)
rNeg    . . .        (helmet currently unavailable)
rPois   +            m - amulet of regeneration
rElec   .            W - ring of wizardry
rCorr   +            C - ring of resist corrosion
SInv    .            x - ring of willpower
Will    +....        (no ring)
Stlth   +            (no ring)
HPRegen 1.17/turn    (no ring)
MPRegen 0.12/turn    (no ring)
                     (no ring)

%: wizardry (x1)
@: tree-form
A: stationary, stasis, torment immunity, boosted hp, almost no armour,
(amphibious), 8 rings, (camouflage 1), (gelatinous body 1), (nimble swimmer 1),
(tentacles)
a: Renounce Religion, Potion Petition, Call Merchant, Bribe Branch


You were on level 9 of the Dungeon.
You worshipped Gozag.
Gozag was pleased with you.
You were a tree.
You visited 2 branches of the dungeon, and saw 10 of its levels.

You collected 862 gold pieces.
You spent 26 gold pieces at shops.
You paid 136 gold pieces to Gozag.

Inventory:

Armour
 j - a +2 buckler
 p - a +0 kite shield
 v - a +1 hat
Magical Staves
 h - a staff of earth
Jewellery
 m - an amulet of regeneration (around neck)
 x - a ring of willpower (on tentacle)
 C - a ring of resist corrosion (right branch)
 W - a ring of wizardry (left branch)
Talismans
 b - a beast talisman
 c - a flux talisman
Wands
 s - a wand of paralysis (2)
 u - a wand of iceblast (9)
 w - a wand of polymorph (3)
 D - a wand of digging (6)
Scrolls
 d - 3 scrolls of enchant armour
 e - a scroll of poison
 f - a scroll of enchant weapon
 g - a scroll of fear
 i - 5 scrolls of identify
 k - 3 scrolls of noise
 r - 2 scrolls of vulnerability
 t - 3 scrolls of teleportation
Potions
 n - 2 potions of resistance
 o - 4 potions of mutation
 q - 3 potions of curing


   Skills:
 + Level 6.0 Fighting
 - Level 3.9 Dodging
 + Level 6.7 Unarmed Combat
 + Level 5.2 Hexes
 + Level 4.1 Ice Magic
 * Level 8.4 Shapeshifting


You had 3 spell levels left.
You knew the following spells:

 Your Spells              Type           Power      Damage    Failure   Level
a - Tukima's Dance        Hex            14%        N/A       4%          3
A - Ozocubu's Armour      Ice            11%        N/A       6%          3

Your spell library contained the following spells:

 Spells                   Type           Power      Damage    Failure   Level
 Ensorcelled Hibernation  Hex/Ice        26%        N/A       2%          2
 Dazzling Flash           Conj/Hex       14%        N/A       12%         3
 Cigotuvi's Dreadful Rot  Necr/Pois/Air  0%         N/A       17%         2
 Passwall                 Tmut/Erth      0%         N/A       17%         2
 Scorch                   Fire           0%         2d5       17%         2
 Static Discharge         Conj/Air       0%         3-3/arc   17%         2
 Sublimation of Blood     Necr           0%         N/A       17%         2
 Gell's Gravitas          Tloc           0%         N/A       32%         3
 Swiftness                Air            0%         N/A       32%         3
 Teleport Other           Tloc           0%         N/A       32%         3
 Volatile Blastmotes      Fire/Tloc      0%         2d10      32%         3
 Dimensional Bullseye     Hex/Tloc       3%         N/A       36%         4
 Metabolic Englaciation   Hex/Ice        6%         N/A       41%         5
 Airstrike                Air            0%         2d(0-16)  71%         4
 Dispel Undead            Necr           0%         3d6       71%         4
 Flame Wave               Conj/Fire      0%         2d4       71%         4
 Iskenderun's Mystic Bla  Conj/Tloc      0%         2d3       71%         4
 Petrify                  Tmut/Erth      0%         N/A       71%         4
 Summon Lightning Spire   Summ/Air       0%         N/A       71%         4
 Irradiate                Conj/Tmut      0%         3d11      95%         5
 Conjure Ball Lightning   Conj/Air       0%         3x3d6     100%        6
 Death Channel            Necr           0%         N/A       100%        6
 Dispersal                Tloc           0%         N/A       100%        6
 Starburst                Conj/Fire      0%         6d3       100%        6
 Summon Cactus Giant      Summ           0%         N/A       100%        6
 Discord                  Hex            7%         N/A       100%        8
 Disjunction              Tloc           0%         N/A       100%        8
 Maxwell's Capacitive Co  Air            0%         ∞         100%        8
 Simulacrum               Ice/Necr       Unusable   N/A       N/A         6

Dungeon Overview and Level Annotations

Branches:
Dungeon (9/15)             Temple (1/1) D:4
   Lair: D:8-11         Orc: D:9-12

Altars:
Ashenzari
Cheibriados
Dithmenos
Elyvilon
Fedhas
Gozag
Hepliaklqana
Kikubaaqudgha
Makhleb
Nemelex Xobeh
Okawaru
Qazlal
Ru
Sif Muna
Trog
Uskayaw
Vehumet
Wu Jian
Xom
Yredelemnul
Zin
The Shining One

Shops:
D:1 *   D:7 :

Annotations:
D:5 2 transporters, zkyp's ghost, novice MiRe
D:6 exclusion: steam dragon


Innate Abilities, Weirdness & Mutations

You are a tree.
Your roots penetrate the ground, keeping you stationary.
You cannot be teleported.
You are immune to unholy pain and torment.
Your maximum health is greatly increased.
You cannot wear most types of armour.
((You are amphibious.))
You can wear up to eight rings at the same time.
((Your skin changes colour to match your surroundings (Stealth+).))
((Your rubbery body absorbs attacks. (AC +1, EV +1)))
((You are camouflaged when in or above water. (Stealth+)))
((You have tentacles for arms and can constrict up to eight enemies at once.))


Message History

The centaur warrior kicks you.
* * * LOW HITPOINT WARNING * * *
You take 20 damage, and have 11/68 hp.
MASSIVE DAMAGE!!
You bludgeon the centaur warrior!
The centaur warrior is lightly wounded.
The centaur warrior barely misses you. The centaur warrior kicks you.
* * * LOW HITPOINT WARNING * * *
You feel much better. The centaur warrior hits you!
The centaur warrior kicks you. The centaur warrior closely misses you.
The centaur warrior kicks you.
* * * LOW HITPOINT WARNING * * *
You regained 8 hp, and now have 19/68 hp.
You tentacle-slap the centaur warrior. x2
Your squeeze misses the centaur warrior.
The centaur warrior is moderately wounded.
The centaur warrior completely misses you.
The centaur warrior kicks you.
* * * LOW HITPOINT WARNING * * *
You take 3 damage, and have 16/68 hp.
You bludgeon the centaur warrior!
The centaur warrior is moderately wounded.
The centaur warrior hits you.
* * * LOW HITPOINT WARNING * * *
The centaur warrior kicks you.
* * * LOW HITPOINT WARNING * * *
You take 6 damage, and have 10/68 hp.
You tentacle-slap the centaur warrior.
The centaur warrior is moderately wounded.
The centaur warrior barely misses you. The centaur warrior kicks you.
* * * LOW HITPOINT WARNING * * *
The centaur warrior hits you.
* * * LOW HITPOINT WARNING * * *
The centaur warrior kicks you.
* * * LOW HITPOINT WARNING * * *
You take 7 damage, and have 3/68 hp.
Your transformation has ended.
You turn into a tree.
Your roots penetrate the ground.
The centaur warrior hits you!
You die...
Your body crumbles into a pile of gold.

### #<# #.#
#
#.#$####...$
#...♣c......
#.#.####....
#.#.# # #
###


You could see a centaur warrior.

Vanquished Creatures
  Pikel (D:4)
  Jeremiah (D:7)
  Grinder (D:4)
  Eustachio (D:4)
  A wraith (D:9)
  A steam dragon (D:8)
  Menkaure (D:4)
  Duvessa (D:4)
  An orc warrior (D:7)
  2 ice beasts (D:8)
  2 sky beasts
  An ogre (D:7)
  3 phantoms
  2 centaurs
  A lemure (D:3)
  A gnoll sergeant (D:8)
  2 bullfrogs
  2 scorpions
  Dowan (D:4)
  A killer bee (D:8)
  2 electric eels (D:7)
  3 hounds
  A gnoll bouda (D:7)
  3 orc priests
  3 sleepcaps
  2 jellies (D:7)
  3 iguanas
  11 orc wizards
  6 gnolls
  7 adders
  A shadow imp (D:7)
  A white imp (D:6)
  2 ufetubi (D:7)
  2 worms (D:2)
  2 dart slugs
  19 orcs
  12 ball pythons
  5 bats
  8 endoplasms
  6 giant cockroaches
  13 hobgoblins
  4 jackals (D:3)
  5 quokkas
  4 frilled lizards
  17 goblins
  5 kobolds
  7 rats
181 creatures vanquished.

Notes
Turn   | Place    | Note
-------+----------+-------------------------------------------
     0 | D:1      | Dirtsage the Octopode Shapeshifter began the quest for the
                  | Orb.
     0 | D:1      | Reached XP level 1. HP: 13/13 MP: 1/1
    20 | D:1      | Found a faded altar of an unknown god.
    72 | D:1      | Reached XP level 2. HP: 17/18 MP: 2/2
   345 | D:1      | Reached XP level 3. HP: 22/23 MP: 3/3
   393 | D:1      | Found Lamp's General Store.
   410 | D:1      | Bought a scroll of identify for 26 gold pieces
   942 | D:2      | Reached XP level 4. HP: 25/29 MP: 4/4
  1648 | D:3      | Reached skill level 4 in Shapeshifting
  1759 | D:3      | Learned a level 3 spell: Tukima's Dance
  1897 | D:3      | Reached XP level 5. HP: 21/34 MP: 5/5
  1899 | D:3      | HP: 1/34 [orc priest/+0 mace (6)]
  2415 | D:4      | Noticed a lemure
  2415 | D:4      | Noticed a lemure
  2420 | D:4      | Reached skill level 1 in Hexes
  2420 | D:4      | Noticed Pikel
  2420 | D:4      | Noticed a lemure
  2420 | D:4      | Noticed a lemure
  2429 | D:3      | Killed a lemure
  2511 | D:4      | Reached XP level 6. HP: 35/41 MP: 6/6
  2607 | D:4      | Noticed Menkaure
  2625 | D:4      | Killed Menkaure
  2705 | D:4      | Noticed Dowan
  2901 | D:4      | Noticed Duvessa
  2912 | D:4      | Killed Duvessa
  2913 | D:4      | Reached skill level 5 in Shapeshifting
  2913 | D:4      | Reached XP level 7. HP: 17/46 MP: 7/7
  2917 | D:4      | Killed Dowan
  3140 | D:4      | Noticed Grinder
  3154 | D:4      | Killed Grinder
  3275 | D:4      | You fall into a shaft and drop 1 floor!
  3275 | D:5      | Entered Level 5 of the Dungeon
  3275 | D:5      | Found a glowing silver altar of Zin.
  3391 | D:5      | Reached XP level 8. HP: 42/54 MP: 4/8
  3518 | D:5      | Learned a level 3 spell: Ozocubu's Armour
  3555 | D:5      | Found a transporter.
  3555 | D:5      | Noticed zkyp's ghost (novice MiRe)
  3556 | D:5      | Found a transporter.
  3706 | D:5      | Reached skill level 6 in Shapeshifting
  3763 | D:5      | Reached skill level 5 in Unarmed Combat
  4102 | D:6      | Found a white marble altar of Elyvilon.
  4194 | D:4      | Killed Pikel
  4195 | D:4      | Reached skill level 1 in Ice Magic
  4268 | D:4      | Found a staircase to the Ecumenical Temple.
  4278 | Temple   | Entered the Ecumenical Temple
  4356 | D:4      | Noticed Eustachio
  4365 | D:4      | Killed Eustachio
  4366 | D:4      | Reached XP level 9. HP: 52/59 MP: 3/9
  4832 | D:6      | Found a bloodstained altar of Trog.
  4834 | D:6      | Found an opulent altar of Gozag.
  4834 | D:6      | Found a radiant altar of Vehumet.
  4834 | D:6      | Found an iron altar of Okawaru.
  4835 | D:6      | Found a glowing golden altar of the Shining One.
  4899 | D:6      | Reached skill level 7 in Shapeshifting
  4942 | D:6      | Became a worshipper of Gozag Ym Sagoz the Greedy
  5061 | D:6      | Reached skill level 5 in Fighting
  5322 | D:7      | Found Urheed's Book Shoppe.
  5385 | D:7      | Noticed Jeremiah
  5620 | D:7      | Killed Jeremiah
  6058 | D:7      | Reached skill level 8 in Shapeshifting
  6584 | D:8      | Found a shadowy altar of Dithmenos.
  6612 | D:8      | Reached skill level 5 in Hexes
  6612 | D:8      | Reached XP level 10. HP: 62/68 MP: 10/10
  6837 | D:8      | Found a radiant altar of Vehumet.
  7331 | D:8      | Found an ornate altar of the Wu Jian Council.
  7819 | D:9      | Noticed a centaur warrior
  7841 | D:9      | HP: 3/68 [centaur warrior (2)]
  7842 | D:9      | Slain by a centaur warrior

Illustrated notes

Levels and vault maps discovered:
D:1:      amcnicky_arrival_flooded_fountain, layout_rooms,
          chequers_ecumenical_altar_simple, serial_shops, shop
D:2:      layout_loops_corners, minmay_tromino_i2
D:3:      layout_basic, guppyfry_early_orc_mine
D:4:      layout_rooms, minmay_temple_entry_poolview, uniq_menkaure, uniq_pikel,
          uniq_eustachio, uniq_duvessa, uniq_grinder
D:5:      layout_loops_ring, zin_academy, gammafunk_ghost_smash,
          dreamdust_princess_corridor
D:6:      layout_loops_ring, grunt_temple_overflow_open,
          mainiacjoe_overflow_24_doors, serial_rivers,
          chequers_serial_rivers_small_b, chequers_serial_rivers_large_b,
          chequers_serial_rivers_small_b, chequers_serial_rivers_micro_b
D:7:      layout_loops_ring, serial_shops, nicolae_shop_peninsula,
          nrook_pool_corridor, uniq_jeremiah
D:8:      layout_layer_cave, lemuel_doored_altar,
          nicolae_dithmenos_shadow_blocks, enter_bailey_3, minmay_ruined_shrine
D:9:      minmay_the_grid_triangle_9x9_recursive_2_mashed
          [minmay_the_grid_triangle_9x9_prize_insulated,
          minmay_the_grid_triangle_9x9_fully_insulated_deathbox,
          minmay_the_grid_triangle_9x9_wacky_v,
          minmay_the_grid_triangle_9x9_skeleton], layout_basic,
          minmay_lair_entry_grove, hangedman_decor_slide_cut, chequers_jeans,
          kennysheep_minor_cross
Temple:   nicolae_temple_figure_eight

Skill      XL: |  1  2  3  4  5  6  7  8  9 10 |
---------------+-------------------------------+-----
Fighting       | 2 3 4 5 6 |  6.0
Shapeshifting  | 4 5 6 8 |  8.4
Hexes          | 1 2 3 5 |  5.2
Unarmed Combat | 4 5 6 |  6.7
Dodging        | 3 |  3.9
Ice Magic      | 2 3 4 |  4.1

Action                     |  1- 3 |  4- 6 |  7- 9 | 10-12 || total
---------------------------+-------+-------+-------+-------++-------
  Melee: Unarmed           |    69 |   109 |   241 |    48 ||   467
         Tentacles         |     9 |    29 |    68 |     9 ||   115
         Constrict         |    14 |    32 |    50 |     5 ||   101
         Punch             |     1 |     2 |     8 |     3 ||    14
   Cast: Tukima's Dance    |       |       |     8 |     5 ||    13
         Ozocubu's Armour  |       |       |     3 |       ||     3
    Use: Scroll            |     3 |       |     7 |     3 ||    13
         Potion            |       |     1 |       |     3 ||     4
   Stab: Sleeping          |     4 |     5 |     3 |     1 ||    13
         Distracted        |       |       |     2 |     2 ||     4
 Armour: Skin              |    20 |    48 |   120 |    48 ||   236
  Dodge: Dodged            |    34 |    62 |   101 |    23 ||   220

Table legend: (Time is in decaauts)
 A = Elapsed time spent in this place.
 B = Non-inter-level travel time spent in this place.
 C = Inter-level travel time spent in this place.
 D = Time resting spent in this place.
 E = Time spent auto-exploring this place.
 F = Levels seen in this place.
 G = Mean time per level.
                   A        B        C        D        E       F      G
               +--------+--------+--------+--------+--------+-----+--------+
         Total |   7808 |   7427 |    381 |    179 |   5750 |  10 |  780.8 |
       Dungeon |   7781 |   7412 |    369 |    179 |   5750 |   9 |  864.6 |
        Temple |     26 |     14 |     12 |      0 |      0 |   1 |   26.0 |
               +--------+--------+--------+--------+--------+-----+--------+

Top non-repeatable levels by time:
     D:8: 1459 daAuts
     D:3: 1083 daAuts
     D:7: 1030 daAuts
     D:2: 959 daAuts
     D:4: 951 daAuts
     D:5: 876 daAuts
     D:6: 842 daAuts
     D:1: 546 daAuts
     D:9: 30 daAuts
  Temple: 26 daAuts
